 Dungeon Crawl Stone Soup version 0.29.1-12-g30fa7ad0bf (webtiles) character file.

Game seed: 1424046630537499945

6650 hawla the Prestidigitator (level 11, -13/91 HPs)
             Began as a Meteoran Ice Elementalist on Dec 28, 2022.
             Was a Follower of Vehumet.
             Mangled by an orc warlord
             ... wielding a +7 battleaxe
              (37 damage)
             ... in a bailey.
             The game lasted 00:25:26 (3455 turns).

hawla the Prestidigitator (MeIE)                    Turns: 3455, Time: 00:25:26

Health: -13/91     AC:  4    Str:  9      XL:     11   Next: 46%
Magic:  1/24       EV: 14    Int: 19 (21) God:    Vehumet [*.....]
Gold:   268        SH:  0    Dex: 16      Spells: 19/27 levels left

rFire   . . .      SeeInvis .   d - +3 dagger (holy)
rCold   . . .      Faith    .   p - orb {*channel}
rNeg    . . .      Spirit   .   a - +0 robe
rPois   .          Reflect  .   (no helmet)
rElec   .          Harm     .   q - +0 cloak
rCorr   .          Rampage  .   r - +0 pair of gloves
Will    +....                   (no boots)
Stlth   +.........              (no amulet)
HPRegen 0.25/turn               (no ring)
MPRegen 0.19/turn               (no ring)

@: freezing walls, glowing
A: sense surroundings 2, otherworldly, glowing, explore regen
a: Renounce Religion


You were in a bailey.
You worshipped Vehumet.
Vehumet was aware of your devotion.
You visited 2 branches of the dungeon, and saw 8 of its levels.
You also visited: Sewer, Ossuary and Bailey.

You collected 268 gold pieces.

Inventory:

Hand Weapons
 d - a +3 dagger of holy wrath (weapon)
Armour
 a - a +0 robe (worn)
 p - an orb of energy (worn)
 q - a +0 cloak (worn)
 r - a +0 pair of gloves (worn)
Magical Staves
 w - a staff of cold
Jewellery
 x - a ring of protection from fire
Wands
 l - a wand of flame (13) (quivered)
 m - a wand of iceblast (4)
Scrolls
 k - a scroll of blinking
 o - a scroll of teleportation
 u - a scroll of magic mapping
 y - a scroll of identify
Potions
 b - 2 potions of flight {unknown}
 c - 2 potions of haste
 e - a potion of invisibility
 f - 2 potions of brilliance {unknown}
 g - 2 potions of magic
 j - a potion of cancellation {unknown}
 n - a potion of resistance
 s - 4 potions of curing
 t - a potion of lignification {unknown}


   Skills:
 + Level 6.4 Fighting
 + Level 5.5(7.4) Short Blades
 + Level 8.4(9.3) Long Blades
 + Level 4.9 Dodging
 - Level 1.4 Stealth
 + Level 8.5 Spellcasting
 + Level 6.9 Conjurations
 + Level 6.5 Fire Magic
 + Level 7.5 Ice Magic
 + Level 10.6 Evocations


You had 19 spell levels left.
You knew the following spells:

 Your Spells              Type           Power      Damage    Failure   Level
a - Freeze                Ice            100%       1d11      1%          1
b - Frozen Ramparts       Ice            72%        1d11      1%          3
c - Hailstorm             Conj/Ice       35%        3d9       4%          4

Your spell library contained the following spells:

 Spells                   Type           Power      Damage    Failure   Level
 Foxfire                  Conj/Fire      100%       2x1d9     1%          1
 Ozocubu's Armour         Ice            36%        N/A       1%          3
 Ensorcelled Hibernation  Hex/Ice        44%        N/A       2%          2
 Passwall                 Tmut/Erth      6%         N/A       13%         2
 Call Canine Familiar     Summ           8%         N/A       26%         3
 Portal Projectile        Hex/Tloc       16%        N/A       26%         3
 Spider Form              Tmut/Pois      8%         N/A       26%         3
 Swiftness                Air            8%         N/A       26%         3
 Anguish                  Hex/Necr       4%         N/A       65%         4
 Leda's Liquefaction      Hex/Erth       4%         N/A       65%         4


Dungeon Overview and Level Annotations

Branches:
Dungeon (7/15) Zot: 1722   Temple (1/1) D:6 Zot: 482   Sewer (visited)
Ossuary (visited)          Bailey (1/1) Zot: 396

Altars:
Ashenzari
Cheibriados
Dithmenos
Elyvilon
Fedhas
Gozag
Kikubaaqudgha
Makhleb
Nemelex Xobeh
Okawaru
Qazlal
Ru
Sif Muna
Trog
Uskayaw
Vehumet
Wu Jian
Xom
Yredelemnul
Zin
The Shining One

Shops:
D:5 (


Innate Abilities, Weirdness & Mutations

You passively map the area around you.
You are easily found by Zot.
You glow in the dark.
You regain HP and MP as you explore.


Message History

You hit the orc warrior.
The orc warrior is heavily wounded.
The wall freezes the orc warrior!
The orc warrior completely misses you.
The wall freezes the orc!
You kill the orc!
Vehumet accepts your kill.
You feel your power returning.
You hit the orc warrior but do no damage.
The orc warrior is almost dead.
The frozen ramparts melt away.
The orc warrior hits you with a +0 war axe!
A goblin comes into view. It is wielding a +0 hand axe.
Unknown command.
Casting: Hailstorm (dangerous; 4% risk of failure)
Confirm with . or Enter, or press ? or * to list all spells.
Casting: Frozen Ramparts (safe; 1% risk of failure)
Press: ? - help, Dir - look around, f - activate An open door, spattered with blood.
The walls around you are covered in ice.
The wall freezes the orc warrior.
You kill the orc warrior!
Vehumet accepts your kill.
The wall freezes the orc warrior.
The orc warrior barely misses you.
The wall freezes the orc warlord but does no damage.
Okay, then.
You hit the orc warlord but do no damage.
Unknown command.
You hit the orc warlord but do no damage.
The wall freezes the orc warrior.
You kill the orc warrior!
Vehumet accepts your kill.
You feel your power returning.
The wall freezes the orc warlord.
The orc warlord hits you with a +7 battleaxe!!!
* * * LOW HITPOINT WARNING * * *
You hear a shout!
You feel much better.
A hobgoblin comes into view. It is wielding a +0 hand axe.
The wall freezes the orc warlord.
The orc warlord hits you with a +7 battleaxe!!!
You die...

, , , , #...))..#
, , ##...)...## g
, #.....)...# , ,
**#. ##....).)..##
, ,
##'**#...).⌠.....#
,, *
88.88##...).....##
, ...g)
#..)......# , *
.....)##.......##
, ,'
.....oo@.......# ,
....)))##.....## *
, ..⌠.... #######
* ....... ,
.......* ,......#
!....! * !!∩!.# *


You could see an orc warlord, an orc warrior (strong), a hobgoblin and a goblin.

Vanquished Creatures
  Edmund (D:6)
  A black bear (D:5)
  9 orc warriors (Bailey)
  An ice beast (D:5)
  An ogre (D:5)
  3 kobold brigands (Sewer)
  2 elf zombies (Ossuary)
  2 necrophages (D:5)
  A gnoll sergeant (D:5)
  5 scorpions
  A centaur zombie (Ossuary)
  A jelly (D:6)
  A human zombie (Ossuary)
  2 iguanas (D:5)
  2 orc priests
  Crazy Yiuf (D:4)
  2 orc wizards
  A hound zombie (Ossuary)
  3 mummies (Ossuary)
  12 gnolls
  3 adders
  An ufetubus (D:4)
  2 adder zombies (Ossuary)
  2 worms (D:3)
  18 orcs
  6 ball pythons
  5 endoplasms
  2 giant cockroaches (D:4)
  20 goblins
  10 hobgoblins
  16 kobolds
  4 quokkas
  2 bats
  3 frilled lizards
  2 gnoll zombies (Ossuary)
  5 goblin zombies (Ossuary)
  4 hobgoblin zombies (Ossuary)
  4 jackal zombies (Ossuary)
  3 kobold zombies (Ossuary)
  3 orc zombies (Ossuary)
  5 quokka zombies (Ossuary)
  3 rats (Sewer)
  3 rat zombies
178 creatures vanquished.

Vanquished Creatures (others)
  A plant (Sewer)
1 creature vanquished.

Grand Total: 179 creatures vanquished

Notes
Turn   | Place    | Note
-------+----------+-------------------------------------------
     0 | D:1      | hawla the Meteoran Ice Elementalist began the quest for the
                  | Orb.
     0 | D:1      | Reached XP level 1. HP: 14/14 MP: 5/5
    98 | D:1      | Reached XP level 2. HP: 19/20 MP: 4/6
   200 | D:3      | Reached skill level 5 in Ice Magic
   200 | D:3      | Reached XP level 3. HP: 22/26 MP: 3/8
   204 | D:3      | Learned a level 3 spell: Frozen Ramparts
   286 | D:3      | Found a glowing drain.
   304 | D:3      | Reached XP level 4. HP: 33/33 MP: 1/9
   325 | Sewer    | Entered a sewer
   350 | Sewer    | Learned a level 4 spell: Hailstorm
   356 | Sewer    | Noticed a kobold brigand
   360 | Sewer    | Killed a kobold brigand
   361 | Sewer    | Reached XP level 5. HP: 31/38 MP: 3/10
   485 | Sewer    | Noticed a kobold brigand
   491 | Sewer    | Killed a kobold brigand
   492 | Sewer    | Reached skill level 5 in Conjurations
   492 | Sewer    | Reached XP level 6. HP: 22/45 MP: 7/11
   861 | D:4      | Reached skill level 2 in Evocations
   861 | D:4      | Reached XP level 7. HP: 47/50 MP: 7/13
   905 | D:4      | Found a burning altar of Makhleb.
   905 | D:4      | Noticed an Executioner
   908 | D:4      | Noticed a smoke demon
   908 | D:4      | Noticed a hellwing
  1214 | D:4      | Reached skill level 3 in Evocations
  1218 | D:4      | Reached skill level 1 in Short Blades
  1240 | D:4      | Reached skill level 4 in Evocations
  1267 | D:4      | Found a runed translucent door.
  1268 | D:4      | Noticed Crazy Yiuf
  1458 | D:4      | Killed Crazy Yiuf
  1667 | D:5      | Entered Level 5 of the Dungeon
  1676 | D:5      | Reached XP level 8. HP: 53/57 MP: 6/14
  1687 | D:5      | Reached skill level 5 in Evocations
  1699 | D:5      | Found Qobomn's Antique Weapon Boutique.
  1802 | D:5      | Reached skill level 6 in Evocations
  1852 | D:5      | Found a sand-covered staircase.
  1869 | Ossuary  | Entered an ossuary
  2145 | Ossuary  | Reached skill level 1 in Fighting
  2201 | Ossuary  | HP: 2/59 [elf zombie (4)]
  2223 | Ossuary  | Reached skill level 5 in Fighting
  2223 | Ossuary  | Reached skill level 5 in Fire Magic
  2223 | Ossuary  | Reached skill level 9 in Evocations
  2223 | Ossuary  | Gained mutation: You passively map the area around you.
                  | [Meteoran growth]
  2223 | Ossuary  | Reached XP level 9. HP: 8/74 MP: 15/20
  2342 | D:5      | Reached XP level 10. HP: 81/81 MP: 21/21
  2749 | D:6      | Found a hide-covered altar of Uskayaw.
  2778 | D:6      | Noticed Edmund
  2793 | D:6      | Killed Edmund
  2961 | D:6      | Found a staircase to the Ecumenical Temple.
  3062 | Temple   | Entered the Ecumenical Temple
  3156 | Temple   | Became a worshipper of Vehumet
  3228 | D:7      | Found a flagged portal.
  3241 | Bailey   | Entered a bailey
  3287 | Bailey   | Reached skill level 5 in Short Blades
  3287 | Bailey   | Reached skill level 10 in Evocations
  3287 | Bailey   | Reached XP level 11. HP: 91/91 MP: 14/24
  3360 | Bailey   | Reached * piety under Vehumet
  3360 | Bailey   | Offered knowledge of Foxfire by Vehumet.
  3442 | Bailey   | Noticed an orc warlord
  3454 | Bailey   | HP: 3/91 [orc warlord/+7 battleaxe (38)]
  3455 | Bailey   | Mangled by an orc warlord

Illustrated notes

Levels and vault maps discovered:
D:1:      saegor_arrival_fortress, layout_loops_ring,
          ebering_ecumenical_altar_petrified
D:2:      layout_loops_corners
D:3:      minmay_spotlight, layout_loops_ring, cheibrodos_sewer_entry_bend
D:4:      layout_loops_corners, makhleb_altar_promises_db, st_stairs_12,
          kennysheep_generic_room_13, uniq_crazy_yiuf_cottage
D:5:      layout_loops_ring, serial_shops, nicolae_square_shop, enter_ossuary_4,
          minivault_4
D:6:      layout_rooms, kennysheep_little_box, temple_fountains, uniq_edmund
D:7:      layout_basic, nicolae_hepliaklqana_hazy_memory, enter_bailey_3,
          uniq_joseph
Temple:   nicolae_temple_bog_church
Bailey:   bailey_axe_minmay_hex_keep, bailey

Skill      XL: |  1  2  3  4  5  6  7  8  9 10 |
---------------+-------------------------------+-----
Spellcasting   | 3 6 8 |  8.5
Ice Magic      | 5 6 7 |  7.5
Conjurations   | 3 5 6 |  6.9
Evocations     | 2 4 9 10 | 10.6
Short Blades   | 1 4 5 |  5.5
Dodging        | 3 4 |  4.9
Fighting       | 5 6 |  6.4
Long Blades    | 7 8 |  8.4
Fire Magic     | 5 6 |  6.5
Stealth        | |  1.4

Action                   |  1- 3 |  4- 6 |  7- 9 | 10-12 || total
-------------------------+-------+-------+-------+-------++-------
Melee: Unarmed           |     4 |       |       |       ||     4
       Dagger            |       |    39 |   173 |    38 ||   250
       Punch             |       |     1 |       |       ||     1
 Cast: Freeze            |    19 |     8 |    15 |    14 ||    56
       Frozen Ramparts   |     4 |     8 |    22 |    13 ||    47
       Hailstorm         |       |       |    11 |    32 ||    43
Evoke: Wand              |       |       |     3 |    13 ||    16
  Use: Scroll            |     1 |     1 |     8 |     3 ||    13
       Potion            |       |       |     6 |     5 ||    11
Armor: Robe              |     2 |     7 |    38 |     9 ||    56
Dodge: Dodged            |     6 |    18 |    89 |    21 ||   134
